Map: Orbital Shipyard

Players

IIIIIIIIIIII (TeebuL) - Winner!

  • Race: Protoss Protoss
  • League: Master

Miszu

  • Race: Terran Terran
  • League: Master

VOD

Have the link to the VOD?

Description

Time

  • Played on: Feb. 2, 2016, 6:52 p.m.
  • Length: 22:55
Show
View Real Time Build Order
Export as new Build Order

IIIIIIIIIIII Protoss - Winner!

Build Orders: 1 Gate Expand, Blink Stalkers 

Get SALT Encoding   

  12  0:01  Probe (Chrono Boost)  
  13  0:11  Probe (Chrono Boost)  
  14  0:17  Pylon  
  14  0:22  Probe (Chrono Boost)  
  16  0:35  Probe (Chrono Boost)  
  16  0:36  Gateway  
  16  0:42  Assimilator  
  16  0:46  Probe (Chrono Boost)  
  17  0:56  Probe (Chrono Boost)  
  18  1:07  Probe (Chrono Boost)  
  19  1:19  Nexus  
  19  1:23  Probe (Chrono Boost)  
  20  1:37  Cybernetics Core  
  20  1:38  Probe (Chrono Boost)  
  21  1:42  Assimilator  
  21  1:48  Probe (Chrono Boost)  
  22  1:54  Pylon  
  22  1:59  Probe (Chrono Boost)  
  23  2:04  Warp Gate  
  23  2:12  Probe (Chrono Boost)  
  23  2:14  Adept (Chrono Boost)  
  26  2:23  Twilight Council  
  26  2:25  Probe  
  27  2:31  Probe (Chrono Boost)  
  28  2:37  Probe (Chrono Boost)  
  29  2:45  Gateway  
  29  2:47  Gateway  
  29  2:54  Probe (Chrono Boost)  
  29  2:56  Mothership Core (Chrono Boost)  
  29  2:58  Blink (Chrono Boost)  
  32  3:06  Probe (Chrono Boost)  
  32  3:09  Pylon  
  33  3:16  Probe (Chrono Boost)  
  33  3:17  Probe (Chrono Boost)  
  35  3:22  Stalker  
  38  3:28  Probe x2 (Chrono Boost)  
  39  3:38  Probe  
  39  3:39  Probe  
  41  3:41  Pylon  
  41  3:46  Robotics Facility  
  41  3:51  Probe (Chrono Boost)  
  42  3:56  Probe (Chrono Boost)  
  43  4:03  Probe (Chrono Boost)  
  43  4:06  Pylon  
  43  4:09  Stalker x3, Probe (Chrono Boost)  
  51  4:14  Probe (Chrono Boost)  
  51  4:21  Probe (Chrono Boost)  
  51  4:36  Stalker x3  
  53  4:39  Probe (Chrono Boost)  
  53  4:43  Probe (Chrono Boost)  
  54  4:46  Assimilator  
  54  4:49  Probe (Chrono Boost)  
  54  4:50  Assimilator  
  55  4:53  Observer (Chrono Boost)  
  55  4:56  Probe (Chrono Boost)  
  57  5:00  Probe (Chrono Boost)  
  56  5:08  Probe (Chrono Boost)  
  56  5:11  Probe (Chrono Boost)  
  55  5:16  Warp Prism  
  55  5:18  Probe (Chrono Boost)  
  59  5:21  Probe (Chrono Boost)  
  59  5:27  Dark Shrine  
  59  5:29  Probe (Chrono Boost)  
  59  5:32  Probe (Chrono Boost)  
  61  5:40  Probe (Chrono Boost)  
  61  5:42  Probe (Chrono Boost)  
  63  5:45  Nexus  
  63  5:47  Pylon  
  63  5:50  Probe (Chrono Boost)  
  63  5:52  Pylon  
  64  5:58  Observer  
  65  6:06  Forge  
  65  6:07  Forge, Probe (Chrono Boost)  
  65  6:08  Sentry x2  
  70  6:12  Probe (Chrono Boost)  
  70  6:18  Probe (Chrono Boost)  
  72  6:23  Probe (Chrono Boost)  
  72  6:31  Probe (Chrono Boost)  
  73  6:33  Probe (Chrono Boost)  
  73  6:39  Dark Templar x3, Protoss Ground Weapons Level 1 (Chrono Boost)  
  80  6:41  Probe (Chrono Boost)  
  80  6:44  Probe (Chrono Boost), Protoss Ground Armor Level 1 (Chrono Boost)  
  82  6:47  Photon Cannon x2  
  82  6:50  Photon Cannon  
  82  6:53  Probe  
  83  6:56  Probe  
  83  6:57  Immortal  
  88  7:09  Probe  
  88  7:11  Pylon  
  91  7:20  Gateway  
  91  7:21  Gateway  
  89  7:23  Gateway  
  89  7:25  Gateway  
  89  7:29  Pylon  
  87  7:34  Stalker x3  
  91  7:41  Pylon  
  91  7:43  Pylon  
  91  7:53  Immortal (Chrono Boost)  
  91  7:55  Charge (Chrono Boost)  
  91  7:58  Dark Templar  
  93  8:13  Stalker x2  
  97  8:24  Pylon  
  97  8:25  Pylon  
  97  8:30  Zealot x5  
  107  8:42  Probe  
  107  8:43  Protoss Ground Weapons Level 2 (Chrono Boost), Probe x2  
  107  8:44  Protoss Ground Armor Level 2 (Chrono Boost)  
  110  8:51  Assimilator  
  110  8:52  Immortal  
  110  8:53  Assimilator  
  110  8:54  Probe, Zealot x2  
  110  8:55  Zealot x5  
  127  9:16  Zealot  
  127  9:17  Zealot x4  
  127  9:26  Immortal  
  127  9:27  Zealot x4  
  131  9:32  Dark Templar x3  
  131  9:37  Archon  
  141  9:50  Zealot x4  
  125  9:59  Probe x2  
  113  10:13  Immortal  
  113  10:15  Stalker x7  
  129  10:23  Templar Archives  
  129  10:25  Probe  
  130  10:39  Gateway  
  130  10:41  Gateway  
  130  10:43  Gateway, Zealot x6  
  130  10:44  Zealot  
  130  10:46  Pylon  
  130  10:49  Nexus  
  144  10:52  Pylon  
  144  11:04  Pylon  
  144  11:07  Stalker x4  
  149  11:14  Protoss Ground Weapons Level 3 (Chrono Boost)  
  141  11:20  Psionic Storm  
  135  11:27  Stalker x3  
  135  11:29  Immortal  
  135  11:31  Protoss Ground Armor Level 3 (Chrono Boost)  
  143  11:54  High Templar x4, Pylon  
  143  11:55  Pylon  
  151  12:06  Stalker x3  
  157  12:08  Assimilator  
  157  12:13  Assimilator  
  157  12:17  Photon Cannon  
  157  12:19  Photon Cannon  
  157  12:25  Photon Cannon  
  157  12:32  Stargate  
  157  12:35  Stargate  
  157  12:40  Stargate  
  157  12:57  Stargate  
  157  12:59  Stargate  
  157  13:09  Nexus  
  157  13:11  Pylon  
  157  13:25  Phoenix x2  
  161  13:29  Phoenix  
  163  13:50  Phoenix (Chrono Boost)  
  163  13:54  Phoenix x3 (Chrono Boost)  
  173  13:57  Phoenix (Chrono Boost)  
  173  14:05  Assimilator  
  173  14:07  Pylon  
  173  14:13  Phoenix (Chrono Boost)  
  173  14:16  Phoenix x3 (Chrono Boost)  
  181  14:18  Zealot  
  181  14:19  Zealot x4  
  193  14:26  Phoenix (Chrono Boost)  
  193  14:35  Phoenix (Chrono Boost)  
  195  14:42  Phoenix x2 (Chrono Boost)  
  195  14:56  Phoenix (Chrono Boost)  
  189  15:12  Phoenix x3 (Chrono Boost)  
  195  15:18  Phoenix x2 (Chrono Boost)  
  195  15:23  Phoenix (Chrono Boost)  
  195  15:26  Phoenix (Chrono Boost)  
  199  15:53  Assimilator  
  199  16:02  Nexus, Pylon  
  197  16:04  Pylon  
  197  16:05  Assimilator  
  197  16:06  Phoenix (Chrono Boost)  
  197  16:07  Phoenix (Chrono Boost)  
  197  16:09  Assimilator  
  189  16:16  Phoenix x2 (Chrono Boost)  
  191  16:19  Phoenix (Chrono Boost)  
  191  16:28  Phoenix (Chrono Boost)  
  193  16:37  Phoenix (Chrono Boost)  
Show
View Real Time Build Order
Export as new Build Order

Miszu Terran 

Build Orders: 1/1/1, Liberator Opening, Bio Tank 

Get SALT Encoding   

  12  0:00  SCV  
  13  0:12  SCV  
  14  0:17  Supply Depot  
  14  0:25  SCV  
  15  0:39  SCV  
  15  0:40  Barracks  
  16  0:43  Refinery  
  16  0:51  SCV  
  17  0:58  Refinery  
  17  1:03  SCV  
  18  1:15  SCV  
  18  1:34  Marine, Orbital Command  
  18  1:39  Factory  
  19  1:46  Supply Depot  
  19  1:51  Marine  
  20  2:00  SCV  
  21  2:12  SCV  
  21  2:14  Barracks Reactor  
  22  2:18  Supply Depot  
  22  2:23  Hellion  
  22  2:27  Starport  
  25  2:30  SCV  
  25  2:42  SCV  
  26  2:44  Hellion  
  28  2:52  Marine x2  
  28  2:56  Supply Depot, SCV  
  31  3:03  Medivac  
  33  3:08  SCV  
  33  3:10  Marine x2  
  36  3:20  Liberator, SCV  
  36  3:21  Hellion  
  39  3:28  Marine  
  39  3:30  Marine  
  41  3:37  SCV  
  45  3:43  Factory Tech Lab  
  45  3:49  SCV  
  46  4:03  SCV  
  46  4:04  Command Center  
  47  4:26  Liberator  
  47  4:32  Marine x2  
  47  4:33  SCV  
  46  4:43  Siege Tank  
  42  4:45  SCV  
  42  4:50  Marine x2  
  42  4:52  Barracks  
  45  4:58  SCV  
  46  5:08  Marine  
  46  5:14  Marine, SCV  
  47  5:15  Supply Depot, Orbital Command  
  46  5:22  Siege Tank  
  46  5:26  Marine  
  46  5:27  SCV  
  51  5:28  Barracks  
  51  5:32  Marine  
  52  5:39  SCV  
  52  5:41  Starport Reactor, Barracks Tech Lab  
  52  5:42  SCV  
  54  5:43  Marine  
  54  5:49  Marine  
  55  5:52  SCV  
  55  5:53  Refinery  
  55  5:54  SCV  
  61  5:57  Siege Tank  
  61  6:01  Marine  
  61  6:04  SCV, Stimpack  
  63  6:06  SCV  
  63  6:07  Marine x2  
  66  6:12  Engineering Bay  
  66  6:16  SCV  
  66  6:17  Barracks Tech Lab  
  67  6:24  Supply Depot x2  
  67  6:25  Marine  
  68  6:26  Medivac  
  70  6:34  Supply Depot, Refinery  
  70  6:43  Barracks  
  70  6:44  Barracks  
  70  6:45  Medivac, Siege Tank  
  75  6:48  Marine x3  
  75  6:53  Terran Infantry Weapons Level 1  
  78  7:00  Supply Depot  
  78  7:01  Marine  
  78  7:05  Combat Shields  
  78  7:06  Marine  
  80  7:10  Medivac  
  62  7:15  Medivac  
  82  7:22  Siege Tank  
  87  7:23  Marine  
  87  7:28  Marine  
  89  7:35  Missile Turret  
  90  7:39  Missile Turret  
  90  7:42  Missile Turret  
  83  7:59  SCV  
  84  8:08  Missile Turret  
  84  8:10  Marine  
  84  8:11  Siege Tank  
  88  8:21  Marine  
  88  8:22  Medivac x2  
  88  8:25  SCV  
  94  8:28  Supply Depot  
  94  8:42  Marine  
  94  8:43  Supply Depot, Marine  
  94  8:47  Marine  
  94  8:48  Marine x3  
  100  9:00  Marine  
  100  9:01  Marine  
  99  9:12  Marine  
  99  9:13  Marine x3  
  99  9:15  Siege Tank  
  106  9:17  Marine  
  106  9:19  Marine  
  105  9:30  Marine  
  105  9:31  Marine x2  
  107  9:32  Marine  
  107  9:35  Marine  
  107  9:36  Marine  
  110  9:47  Siege Tank  
  110  9:48  Marine  
  110  9:49  Marine x2  
  99  9:55  Marine  
  80  10:08  Marine  
  80  10:10  Marine x4  
  80  10:13  Marine  
  85  10:19  Siege Tank  
  88  10:23  Medivac  
  88  10:26  Marine  
  88  10:27  Marine  
  88  10:28  Marine x3  
  95  10:39  Marine  
  96  10:44  Marine  
  96  10:45  Marine  
  96  10:46  Marine x3  
  101  10:52  Siege Tank  
  101  10:57  Marine  
  104  11:02  Marine  
  104  11:03  Marine  
  104  11:04  Marine  
  107  11:09  Missile Turret  
  27  12:46  Command Center  
  27  13:02  Refinery  
  27  13:33  Refinery  
Tags
 
Add a new tag
Caveats
  • Supply blocks, unpowered buildings, or Contaminate may cause inaccurate times.
  • Supply counts are checked every 10 seconds.